 Dungeon Crawl Stone Soup version 0.31.0-9-g3a7656b989 (webtiles) character file.

Game seed: 9289376770014351967

105 MacCMillion the Shield-Bearer (level 4, 0/28 HPs)
             Began as a Gargoyle Fighter on Jan 29, 2024.
             Slain by an iguana (9 damage)
             ... on level 2 of the Dungeon.
             The game lasted 00:02:21 (1628 turns).

MacCMillion the Shield-Bearer (Gargoyle Fighter)    Turns: 1628, Time: 00:02:21

Health: 0/28       AC: 11    Str: 21    XL:     4   Next: 81%
Magic:  4/4        EV:  9    Int:  9    God:
Gold:   103        SH:  4    Dex:  9    Spells: 3/3 levels left

rFire   . . .        a - +0 war axe
rCold   . . .        c - +0 buckler
rNeg    + . .        b - +0 scale mail
rPois   ∞            (no helmet)
rElec   +            k - +0 cloak
rCorr   .            (no gloves)
SInv    .            (no boots)
Will    .....        (no amulet) Stlth
                     (no ring)
HPRegen 0.24/turn    (no ring)
MPRegen 0.09/turn

%: no passive effects
@: no status effects
A: sickness immunity, AC +3, negative energy resistance 1, electricity
resistance, torment resistance 1, petrification resistance
a: no special abilities


You were on level 2 of the Dungeon.
You visited 1 branch of the dungeon, and saw 3 of its levels.

You collected 103 gold pieces.

Inventory:

Hand Weapons
 a - a +0 war axe (weapon)
Armour
 b - a +0 scale mail (worn)
 c - a +0 buckler (worn)
 k - a +0 cloak (worn)
Scrolls
 e - a scroll of teleportation {unknown}
 f - 2 scrolls of identify {unknown}
 h - a scroll of acquirement {unknown}
 i - a scroll of silence {unknown}
Potions
 d - a potion of might
 g - a potion of mutation {unknown}
 j - a potion of degeneration {unknown}
 l - a potion of invisibility {unknown}


   Skills:
 - Level 3.2 Fighting
 + Level 4.0 Axes
 - Level 3.2 Armour
 - Level 4.0 Shields


You had 3 spell levels left.
You didn't know any spells.
Your spell library contained the following spells:

 Spells                   Type           Power      Damage    Failure   Level
 Animate Armour           Summ/Erth      0%         N/A       100%        4
 Ignite Poison            Fire/Alch      0%         N/A       100%        4
 Sticky Flame             Fire/Alch      0%         2d4       100%        4
 Summon Lightning Spire   Summ/Air       0%         N/A       100%        4
 Lee's Rapid Deconstruct  Erth           0%         3d4*      100%        5
 Ignition                 Fire           0%         3d3       100%        8


Dungeon Overview and Level Annotations

Branches:
Dungeon (3/15)

Altars:


Innate Abilities, Weirdness & Mutations

You are immune to sickness and miasma.
Your stone body is resilient. (AC +3)
You are immune to poison.
You resist negative energy. (rN+)
You are resistant to electric shocks. (rElec)
You are resistant to unholy torment.
You are immune to petrification.


Message History

An orc wizard comes into view. It is wielding a +0 dagger.
The orc wizard shouts!
An iguana comes into view.
A giant cockroach comes into view.
The orc closely misses you.
You hit the orc.
The orc is severely wounded.
The orc hits you but does no damage. x2
You hit the orc.
You kill the orc!
The orc barely misses you. The orc hits you but does no damage.
The iguana bites you but does no damage.
The dart slug briefly extends its eye-stalks.
You climb upwards.
There is a stone staircase leading down here.
You closely miss the iguana. The iguana bites you!
You hit the iguana but do no damage. The iguana bites you. x2
* * * LOW HITPOINT WARNING * * *
You are too injured to fight recklessly!
You are too injured to fight recklessly!
You closely miss the iguana. The iguana bites you.
* * * LOW HITPOINT WARNING * * *
You barely miss the iguana. You block the iguana's attack.
The iguana bites you but does no damage.
You closely miss the iguana. The iguana misses you.
You barely miss the iguana. The iguana completely misses you.
You slash the iguana!
The iguana is severely wounded.
The iguana barely misses you.
You barely miss the iguana.
The iguana is severely wounded.
The iguana barely misses you. You block the iguana's attack.
You closely miss the iguana.
The iguana is severely wounded.
The iguana bites you but does no damage.
You barely miss the iguana.
The iguana is severely wounded.
The iguana bites you!
You die...

##### #...# ###...###
#.......## #........#
#.......##
###...#.#########
##########...#.#........
##.....l@................
##...########.##...#######
######.....#######.######
#..................#
#.####.....######### #.#
##...## #.# ##.## #.# #.#
###.# #.#


You could see an iguana.

Vanquished Creatures
  4 adders (D:2)
  2 dart slugs (D:1)
  2 ribbon worms (D:1)
  An orc (D:3)
  3 ball pythons
  5 endoplasms
  A giant cockroach (D:2)
  5 hobgoblins
  3 jackals (D:2)
  2 quokkas
  5 bats
  6 frilled lizards
  2 goblins (D:1)
  6 kobolds
  21 rats
68 creatures vanquished.

Notes
Turn   | Place    | Note
-------+----------+-------------------------------------------
     0 | D:1      | MacCMillion the Gargoyle Fighter began the quest for the
                  | Orb.
     0 | D:1      | Reached XP level 1. HP: 14/14 MP: 1/1
   135 | D:1      | Reached XP level 2. HP: 15/19 MP: 2/2
   363 | D:1      | Reached XP level 3. HP: 21/23 MP: 3/3
   965 | D:2      | Reached XP level 4. HP: 28/28 MP: 4/4
  1628 | D:2      | Slain by an iguana

Illustrated notes

Levels and vault maps discovered:
D:1:      dpeg_arrival_arbitrary_a, layout_loops_ring, nicolae_wormholes
D:2:      layout_loops_ring, grunt_ministairs_9, minmay_rat_hole
D:3:      layout_basic, hellmonk_ecumenical_altar_leap_of_faith,
          minmay_stone_trees_small, uniq_crazy_yiuf_cottage

Skill      XL: |  1  2  3  4 |
---------------+-------------+-----
Axes           | 2 3 4 |  4.0
Shields        | 4 |  4.0
Fighting       | |  3.2
Armour         | |  3.2

Action                     |  1- 3 |  4- 6 || total
---------------------------+-------+-------++-------
  Melee: War axe           |    84 |    81 ||   165
 Armour: Scale mail        |    58 |    51 ||   109
  Dodge: Dodged            |    34 |    46 ||    80
  Block: Buckler           |    20 |    19 ||    39
